 Dungeon Crawl Stone Soup version 0.22-a0-799-g88f5e907b7 (webtiles) character file.

161 Mechanicus the Ruffian (level 5, -4/40 HPs)
             Began as a Demonspawn Wanderer on July 21, 2018.
             Killed by divine providence
             ... invoked by an orc priest
              (9 damage)
             ... on level 3 of the Dungeon.
             The game lasted 00:04:09 (2236 turns).

Mechanicus the Ruffian (Demonspawn Wanderer)        Turns: 2236, Time: 00:04:09

Health: -4/40      AC:  6    Str: 14    XL:     5   Next: 19%
Magic:  5/5        EV: 10    Int: 13    God:
Gold:   122        SH:  0    Dex: 17    Spells: 4/4 levels left

rFire    . . .     SeeInvis .   c - +1 quarterstaff
rCold    + . .     Gourm    .   (shield currently unavailable)
rNeg     . . .     Faith    .   n - +1 ring mail {rC+}
rPois    .         Spirit   .   (helmet restricted)
rElec    .         Reflect  .   (no cloak)
rCorr    .         Harm     .   (no gloves)
MR       .....                  (no boots)
Stlth    +.........             x - amulet of inaccuracy (curse)
HPRegen  0.13/turn              i - +5 ring of dexterity
MPRegen  0.09/turn              (no ring)

@: slowed, very slow
A: antennae 1, claws 1, hooves 1
a: no special abilities


You were on level 3 of the Dungeon.
You were very hungry.

You visited 1 branch of the dungeon, and saw 3 of its levels.

You collected 122 gold pieces.

Inventory:

Hand Weapons
 c - a +1 quarterstaff (weapon)
 e - a +0 club
 f - a +0 dagger
Armour
 a - a +0 shield
 d - a +0 robe
 n - a +1 ring mail of cold resistance (worn)
Jewellery
 i - a +5 ring of dexterity (left claw)
 x - a cursed amulet of inaccuracy (around neck)
Scrolls
 b - a scroll of teleportation
 w - a scroll of identify
Potions
 h - a potion of brilliance {unknown}
 j - 2 potions of curing
 k - a potion of ambrosia {unknown}
 m - a potion of haste {unknown}
 p - 2 potions of agility {unknown}
 s - a potion of flight {unknown}
 t - a potion of heal wounds {unknown}
 u - a potion of mutation {unknown}
Comestibles
 g - 7 rations


   Skills:
 - Level 2.8 Fighting
   Level 1.0 Long Blades
 - Level 1.0 Staves
 - Level 1.0 Throwing
 - Level 1.0 Dodging
 - Level 2.6 Stealth
 - Level 1.0 Shields
 + Level 4.1 Unarmed Combat


You had 4 spell levels left.
You didn't know any spells.
Your spell library was empty.

Dungeon Overview and Level Annotations

Branches:
Dungeon (3/15)

Altars:
The Shining One

Annotations:
D:3 2 transporters, Holzbalken's ghost, amateur OpTm


Innate Abilities, Weirdness & Mutations

You have a pair of small antennae on your head.
You have sharp fingernails.
You have large cloven feet.


Message History

A pair of antennae grows on your head! The orc hits you with a flail of pain.
* * * LOW HITPOINT WARNING * * *
You sock the orc!
You kill the orc!
The orc throws a tomahawk.
The tomahawk closely misses you.
The orc throws a tomahawk.
The tomahawk closely misses you.
The orc throws a tomahawk.
The tomahawk hits you but does no damage.
Things that are here:
a flail of pain; a bat skeleton The orc priest hits you with a mace.
* * * LOW HITPOINT WARNING * * *
The orc barely misses you. The orc priest hits you with a mace.
* * * LOW HITPOINT WARNING * * *
The orc barely misses you.
You closely miss the orc priest.
The orc priest invokes the aid of Beogh against you.
Beogh smites you!
You die...

##.......## #....>....#
#.......(.# #..(......#
#.........# ####### #
#.....>...###.....# ##
#......)..)..?....##### #.
#.......).##.........(###.
#........@###.....###)....
#.......oo..###........###
#...............###....(..
##..........##.##,#####...
##.........#..#,.....##..
#####.....#.##..#....##.
##....(.#.#..,*...#.
#......#,.#.**,.##.
#......##.#,..*,#©.


You could see an orc priest and an orc.

Vanquished Creatures
  An orc wizard (D:3)
  Jessica (D:2)
  Terence (D:2)
  3 adders
  A worm (D:3)
  A leopard gecko (D:1)
  4 orcs (D:3)
  7 bats
  3 giant cockroaches (D:1)
  5 hobgoblins
  2 jackals (D:1)
  6 kobolds
  2 ball pythons (D:1)
  8 goblins
  4 rats
49 creatures vanquished.

Notes
Turn   | Place    | Note
-------+----------+-------------------------------------------
     0 | D:1      | Mechanicus the Demonspawn Wanderer began the quest for the Orb.
     0 | D:1      | Mechanicus set off with: a +0 shield, a scroll of teleportation, a +0 quarterstaff, a +0 robe, a +0 club, a +0 dagger, a ration
     0 | D:1      | Reached XP level 1. HP: 16/16 MP: 1/1
   221 | D:1      | Gained mutation: You have sharp fingernails. [demonic ancestry]
   221 | D:1      | Reached XP level 2. HP: 22/23 MP: 2/2
   652 | D:1      | Reached skill level 1 in Unarmed Combat
   821 | D:1      | Found a glowing golden altar of the Shining One.
  1133 | D:2      | Noticed Jessica
  1141 | D:2      | Killed Jessica
  1141 | D:2      | Reached skill level 2 in Unarmed Combat
  1141 | D:2      | Reached XP level 3. HP: 28/28 MP: 3/3
  1441 | D:2      | Noticed Terence
  1445 | D:2      | Gained mutation: You have large cloven feet. [demonic ancestry]
  1445 | D:2      | Reached XP level 4. HP: 26/34 MP: 4/4
  1457 | D:2      | Killed Terence
  1457 | D:2      | Reached skill level 3 in Unarmed Combat
  1667 | D:3      | Found a transporter.
  2151 | D:3      | Found a transporter.
  2171 | D:3      | Noticed Holzbalken's ghost (amateur OpTm)
  2232 | D:3      | Reached skill level 4 in Unarmed Combat
  2232 | D:3      | Gained mutation: You have a pair of small antennae on your head. [demonic ancestry]
  2232 | D:3      | Reached XP level 5. HP: 13/40 MP: 5/5
  2236 | D:3      | Killed from afar by an orc priest

Vault maps used:
D:1:      kilobyte_arrival_exit_the_forest, tso_altar
D:2:      first_ration, uniq_jessica, uniq_terence
D:3:      gammafunk_ghost_stat_death, uniq_crazy_yiuf_cottage

Skill      XL: |  1  2  3  4 |
---------------+-------------+-----
Unarmed Combat | 2 4 |  4.1
Fighting       | |  2.8
Long Blades    | |  1.0
Staves         | |  1.0
Throwing       | |  1.0
Dodging        | |  1.0
Stealth        | |  2.6
Shields        | |  1.0

Action                   |  1- 3 |  4- 6 || total
-------------------------+-------+-------++-------
Melee: Quarterstaff      |    82 |    68 ||   150
       Kick              |       |    16 ||    16
  Use: Scroll            |       |     7 ||     7
       Potion            |       |     1 ||     1
 Stab: Sleeping          |     3 |     1 ||     4
  Eat: Chunk             |     1 |     2 ||     3
Armor: Robe              |    10 |       ||    10
       Ring mail         |    21 |    21 ||    42
Dodge: Dodged            |    41 |    46 ||    87

Table legend:
 A = Spawn XP
 B = Non-spawn XP
 C = Spawn XP percentage of total XP
 D = Spawn monster count
 E = Non-spawn monster count
 F = Spawn count percentage of total count
 G = Total turns spent on level
                    A         B        C        D         E        F      G
               +---------+---------+-------+---------+---------+-------+---------
         Total |       0 |     231 |   0.0 |       0 |      49 |   0.0 |  2236
               +---------+---------+-------+---------+---------+-------+---------
           D:1 |       0 |      37 |   0.0 |       0 |      22 |   0.0 |  1114
           D:2 |       0 |     105 |   0.0 |       0 |      14 |   0.0 |   553
           D:3 |       0 |      89 |   0.0 |       0 |      13 |   0.0 |   569
               +---------+---------+-------+---------+---------+-------+---------
